 Dungeon Crawl Stone Soup version 0.26.1-11-gd32895ea62 (webtiles) character file.

Game seed: 486125608314113059

48 Saba the Bolt Thrower (level 3, -1/22 HPs)
             Began as a Gargoyle Hunter on July 6, 2021.
             Slain by a gnoll (2 damage)
             ... on level 1 of the Dungeon.
             The game lasted 00:02:18 (2216 turns).

Saba the Bolt Thrower (Gargoyle Hunter)             Turns: 2216, Time: 00:02:19

Health: -1/22      AC:  6    Str: 16    XL:     3   Next: 72%
Magic:  3/3        EV: 12    Int: 11    God:
Gold:   74         SH:  0    Dex: 10    Spells: 2/2 levels left

rFire    . . .     SeeInvis .   b - +0 short sword
rCold    . . .     Faith    .   (no shield)
rNeg     + . .     Spirit   .   c - +0 leather armour
rPois    ∞         Reflect  .   (no helmet)
rElec    +         Harm     .   (no cloak)
rCorr    .         Rampage  .   (no gloves)
Will     .....                  (no boots)
Stlth    +.........             (no amulet)
HPRegen  0.07/turn              (no ring)
MPRegen  0.08/turn              (no ring)

@: no status effects
A: negative energy resistance 1, electricity resistance, unbreathing,
petrification resistance, miasma immunity, AC +3
a: no special abilities


You were on level 1 of the Dungeon.
You visited 1 branch of the dungeon, and saw 2 of its levels.

You collected 74 gold pieces.

Inventory:

Hand Weapons
 a - a +1 hand crossbow
 b - a +0 short sword (weapon)
Missiles
 d - 20 bolts
Armour
 c - a +0 leather armour (worn)
Jewellery
 i - an uncursed ring of ice {unknown}
 k - an uncursed ring of see invisible {unknown}
Scrolls
 e - 7 scrolls of identify {unknown}
 g - a scroll of enchant weapon {unknown}
 h - 2 scrolls of teleportation {unknown}
Potions
 f - 2 potions of cancellation {unknown}
 j - a potion of might {unknown}


   Skills:
 + Level 2.9 Fighting
 + Level 4.3 Crossbows
 + Level 1.4 Armour
 + Level 2.1 Dodging
 - Level 1.1 Stealth


You had 2 spell levels left.
You didn't know any spells.
Your spell library was empty.

Dungeon Overview and Level Annotations

Branches:
Dungeon (2/15)

Altars:


Innate Abilities, Weirdness & Mutations

You are resistant to torment.
Your stone body is resilient. (AC +3)
You are immune to poison.
You resist negative energy. (rN+)
You are resistant to electric shocks. (rElec)
You can survive without breathing.
You are immune to petrification.
You are immune to miasma.


Message History

The gnoll barely misses you.
You closely miss the gnoll.
The gnoll is severely wounded.
The gnoll hits you.
* * * LOW HITPOINT WARNING * * *
You hit the gnoll.
The gnoll is almost dead.
The gnoll hits you.
* * * LOW HITPOINT WARNING * * *
You hit the gnoll but do no damage.
The gnoll is almost dead.
The gnoll hits you.
* * * LOW HITPOINT WARNING * * *
You closely miss the gnoll.
The gnoll is severely wounded.
The gnoll completely misses you.
You hit the gnoll but do no damage.
The gnoll is severely wounded.
The gnoll barely misses you. The gnoll hits you.
You die...

#.#.....# ##.....## #.
#.##.######.......###.
#.#...####.........##.
#...^....+.....†...'..
#.....####...####..###
#.##..#.........#.##
#.###.#.........###
#..##g#..#####..#
#..##@#..#≈≈;#..#
#..##.#..#≈≈≈#..#
#.....#..#≈≈≈#..#
##.####..#≈≈≈#..###
#.# #..#≈≈≈#..#.####
#.####..#≈≈≈#..#.....
#....#..#≈≈≈#..#...##
######..#####..#...#
#.........#...#


You could see a gnoll.

Vanquished Creatures
  An adder (D:2)
  2 dart slugs (D:1)
  2 leopard geckos (D:1)
  A ball python (D:2)
  6 hobgoblins
  2 jackals (D:1)
  2 bats (D:1)
  3 frilled lizards (D:2)
  2 goblins (D:2)
  7 kobolds
  3 rats
31 creatures vanquished.

Notes
Turn   | Place    | Note
-------+----------+-------------------------------------------
     0 | D:1      | Saba the Gargoyle Hunter began the quest for the Orb.
     0 | D:1      | Reached XP level 1. HP: 12/12 MP: 1/1
     2 | D:1      | Noticed an electric eel
   510 | D:1      | Reached XP level 2. HP: 17/18 MP: 2/2
   685 | D:1      | Reached skill level 1 in Armour
  1137 | D:1      | Reached XP level 3. HP: 19/22 MP: 3/3
  1870 | D:2      | Found a faded altar of an unknown god.
  2214 | D:1      | HP: 1/22 [gnoll (2)]
  2216 | D:1      | Slain by a gnoll

Illustrated notes

Levels and vault maps discovered:
D:1:      arrival_aquarium_a, layout_loops_corners,
          corexii_item_surrounded_by_moat
D:2:      layout_basic, chequers_ecumenical_altar_twisty

Skill      XL: |  1  2 |
---------------+-------+-----
Armour         | 1 |  1.4
Dodging        | 2 |  2.1
Fighting       | |  2.9
Crossbows      | |  4.3
Stealth        | |  1.1

Action                   || total
-------------------------++-------
Melee: Short sword       ||   170
 Stab: Sleeping          ||     2
Armor: Leather armour    ||    53
Dodge: Dodged            ||   105
